 Dungeon Crawl Stone Soup version 0.31-a0-774-g0d66cbabe8 (webtiles) character file.

Game seed: 5441041426226746720

29 Getoffmy the Firebug (level 3, 0/19 HPs)
             Began as a Deep Elf Fire Elementalist on Sept 18, 2023.
             Succumbed to an adder's poison
             ... on level 2 of the Dungeon.
             The game lasted 00:03:43 (1415 turns).

Getoffmy the Firebug (Deep Elf Fire Elementalist)   Turns: 1415, Time: 00:03:43

Health: 0/19       AC:  2    Str:  5    XL:     3   Next: 1%
Magic:  6/9        EV: 13    Int: 21    God:
Gold:   57         SH:  0    Dex: 15    Spells: 7/8 levels left

rFire   . . .        d - +0 short sword
rCold   . . .        (no shield)
rNeg    . . .        a - +0 robe
rPois   .            (no helmet)
rElec   .            (no cloak)
rCorr   .            (no gloves)
SInv    .            (no boots)
Will    .....        (no amulet)
Stlth   ++           (no ring)
HPRegen 0.23/turn    (no ring)
MPRegen 0.11/turn

%: no passive effects
@: lethally poisoned (0 -> -1)
A: no striking features
a: no special abilities


You were on level 2 of the Dungeon.
You visited 1 branch of the dungeon, and saw 2 of its levels.

You collected 57 gold pieces.

Inventory:

Hand Weapons
 d - a +0 short sword (weapon)
Missiles
 c - 21 stones
 g - 4 poisoned darts
Armour
 a - a +0 robe (worn)
Scrolls
 e - a scroll of summoning {unknown}
 f - a scroll of noise {unknown}
Potions
 b - 2 potions of magic


   Skills:
 - Level 2.7 Dodging
 + Level 3.0 Stealth
 - Level 3.2 Spellcasting
 * Level 2.0 Conjurations
 + Level 3.6 Fire Magic


You had 7 spell levels left.
You knew the following spells:

 Your Spells              Type           Power      Damage    Failure   Level
a - Foxfire               Conj/Fire      60%        2x1d7     4%          1

Your spell library contained the following spells:

 Spells                   Type           Power      Damage    Failure   Level
 Scorch                   Fire           36%        2d6       4%          2
 Sting                    Tmut/Pois      12%        1d3       13%         1
 Inner Flame              Hex/Fire       11%        N/A       19%         3
 Volatile Blastmotes      Fire/Tloc      22%        2d11      19%         3
 Poisonous Vapours        Pois/Air       6%         N/A       21%         2
 Flame Wave               Conj/Fire      15%        2d7       38%         4
 Olgreb's Toxic Radiance  Pois           3%         N/A       78%         4


Dungeon Overview and Level Annotations

Branches:
Dungeon (2/15)

Altars:


Message History

The bat misses you. The adder barely misses you. The goblin misses you.
You miss the bat.
The bat is severely wounded.
The bat closely misses you. The bat hits you but does no damage.
The bat barely misses you. The adder bites you. The bat barely misses you.
The goblin hits you but does no damage.
You hit the bat.
You kill the bat!
The quokka completely misses you. The adder closely misses you.
The goblin barely misses you. The rat bites you but does no damage.
You closely miss the adder.
The adder is moderately wounded.
The bat barely misses you. The quokka bites you.
The adder bites you but does no damage. The adder misses you.
The goblin barely misses you. The rat bites you. The quokka misses you.
You are too injured to fight recklessly!
The bat hits you but does no damage. The adder bites you.
You are poisoned.
The adder poisons you!
You feel sick. The adder attacks as it pursues you!
The adder barely misses you.
Casting: Foxfire (safe; 4% risk of failure)
Confirm with . or Enter, or press ? or * to list all spells.
You conjure some foxfire!
You feel sick. The bat hits you but does no damage.
The adder closely misses you. The quokka bites you.
* * * LOW HITPOINT WARNING * * *
The foxfire hits the bat.
You kill the bat!
You have reached level 3!
Your experience leads to an increase in your attributes!
Increase (S)trength, (I)ntelligence, or (D)exterity?
You feel clever. x2
Okay, then.
Your foxfire dissipates!
* * * LOW HITPOINT WARNING * * *
You feel sick. The adder bites you but does no damage.
Casting: Foxfire (safe; 4% risk of failure)
Confirm with . or Enter, or press ? or * to list all spells.
You conjure some foxfire!
You die...

#.#.# #####.#.# #...#.#.#
#...#.#.#
###...#.#.#########
#.'...'.#.........##+#####
#.#†..###..?...!g......)..
#.#...# #.....v.rr........
#.#...# ##....v@Sr........
#.#...# ######+##........
#.#...# +........ #.#...#
#..[.[... #.#####
#........ #.# #........
#.# #........ #<#
######### ###


You could see an adder, 2 quokkas, a goblin (ally target) and a rat.

Vanquished Creatures
  A worm (D:2)
  3 ball pythons (D:1)
  5 bats
  An endoplasm (D:2)
  2 giant cockroaches (D:1)
  2 goblins (D:1)
  2 quokkas (D:1)
  A frilled lizard (D:1)
  5 kobolds (D:1)
  3 rats
25 creatures vanquished.

Vanquished Creatures (others)
  32 foxfires
32 creatures vanquished.

Grand Total: 57 creatures vanquished

Notes
Turn   | Place    | Note
-------+----------+-------------------------------------------
     0 | D:1      | Getoffmy the Deep Elf Fire Elementalist began the quest for
                  | the Orb.
     0 | D:1      | Reached XP level 1. HP: 10/10 MP: 6/6
   432 | D:1      | Reached XP level 2. HP: 15/15 MP: 6/8
  1414 | D:2      | Reached XP level 3. HP: 2/19 MP: 7/9
  1415 | D:2      | Succumbed to an adder's poison

Illustrated notes

Levels and vault maps discovered:
D:1:      dpeg_arrival_signposts, layout_loops_ring
D:2:      layout_basic, grunt_ministairs_8, uniq_crazy_yiuf_cottage

Skill      XL: |  1  2 |
---------------+-------+-----
Stealth        | 3 |  3.0
Conjurations   | 2 |  2.0
Dodging        | |  2.7
Spellcasting   | |  3.2
Fire Magic     | |  3.6

Action                     || total
---------------------------++-------
  Melee: Short sword       ||    55
         Unarmed           ||     2
   Cast: Foxfire           ||    25
   Stab: Sleeping          ||     1
 Armour: Robe              ||    52
  Dodge: Dodged            ||    76

Table legend: (Time is in decaauts)
 A = Elapsed time spent in this place.
 B = Non-inter-level travel time spent in this place.
 C = Inter-level travel time spent in this place.
 D = Time resting spent in this place.
 E = Time spent auto-exploring this place.
 F = Levels seen in this place.
 G = Mean time per level.
                   A        B        C        D        E       F      G
               +--------+--------+--------+--------+--------+-----+--------+
         Total |   1414 |   1343 |     71 |    216 |    877 |   2 |  707.0 |
       Dungeon |   1414 |   1343 |     71 |    216 |    877 |   2 |  707.0 |
               +--------+--------+--------+--------+--------+-----+--------+

Top non-repeatable levels by time:
     D:1: 1269 daAuts
     D:2: 144 daAuts
